 Dungeon Crawl Stone Soup version 0.16-a0-3465-g53c7d0b (webtiles) character file.

413 PolkaDot the Caller (level 6, -2/48 HPs)
             Began as a Vampire Summoner on Jan 2, 2015.
             Was an Initiate of Sif Muna.
             Slain by a soldier ant (8 damage)
             ... on level 5 of the Dungeon.
             The game lasted 00:10:36 (4278 turns).

PolkaDot the Caller (Vampire Summoner)              Turns: 4278, Time: 00:10:36

Health: -2/48      AC:  5    Str:  7    XL:     6   Next: 59%
Magic:  8/10       EV: 12    Int: 21    God:    Sif Muna [......]
Gold:   197        SH:  0    Dex: 14    Spells: 3 memorised, 3 levels left

rFire  . . .     SeeInvis +     f - +4 dagger
rCold  . . .     Clarity  .     a - +1 robe
rNeg   + . .     SustAb   .     (no shield)
rPois  .         Gourm    .     t - +2 hat
rElec  .         Spirit   .     (no cloak)
rCorr  +         Warding  .     (no gloves)
rMut   .         Stasis   .     (no boots)
MR     .....                    i - amulet of resist corrosion
Stlth  ++........               (no ring)
                                (no ring)

@: lethally poisoned, not resistant to hostile enchantments, unstealthy
A: bottle blood, fangs 3, horns 1, see invisible, clever 1, mutation resistance
1, unbreathing
a: Bat Form, Renounce Religion


You were on level 5 of the Dungeon.
You worshipped Sif Muna.
Sif Muna was noncommittal.
You were not thirsty.

You visited 2 branches of the dungeon, and saw 6 of its levels.

You collected 197 gold pieces.

Inventory:

Hand weapons
 f - a +4 dagger (weapon)
Armour
 a - a +1 robe (worn)
 t - a +2 hat (worn)
Jewellery
 i - an amulet of resist corrosion (around neck)
 l - an uncursed ring of stealth {unknown}
 r - a +3 ring of evasion {unknown}
Magical devices
 o - a wand of polymorph (15)
Scrolls
 c - a scroll of magic mapping {unknown}
 d - 5 scrolls of remove curse
 e - 2 scrolls of recharging
 j - 4 scrolls of identify
 s - a scroll of enchant weapon {unknown}
Potions
 g - a potion of brilliance
 h - a potion of cancellation
 k - 18 potions of blood {@*1}
 m - a potion of restore abilities
Books
 b - a book of Callings

   Spells                             Type                      Level
   a - Summon Small Mammal            Summoning                    1
   b - Call Imp                       Summoning                    2
   c - Call Canine Familiar           Summoning                    3
   d - Summon Guardian Golem          Hexes/Summoning              4
   e - Summon Lightning Spire         Summoning/Air                4
   f - Summon Ice Beast               Ice/Summoning                4


   Skills:
 * Level 4.2 Fighting
 + Level 3.4 Short Blades
 - Level 2.1 Dodging
 - Level 3.0 Stealth
 - Level 2.0 Spellcasting
 + Level 5.2 Summonings


You had 3 spell levels left.
You knew the following spells:

 Your Spells              Type           Power        Failure   Level  Hunger
d - Call Canine Familiar  Summ           ###.....     6%          3    ###....
s - Call Imp              Summ           ###.....     2%          2    ##.....
z - Summon Small Mammal   Summ           ###.         1%          1    #......


Dungeon Overview and Level Annotations

Branches:
Dungeon (5/15)             Temple (1/1) D:4

Altars:
Elyvilon
Nemelex Xobeh
Okawaru
Sif Muna
Vehumet
Yredelemnul
Zin


Innate Abilities, Weirdness & Mutations

You can bottle blood from corpses.
You have razor-sharp teeth.
You have supernaturally acute eyesight.
You can survive without breathing.
You have a pair of small horns on your head.
Your mind is acute. (Int +2)
You are somewhat resistant to further mutation.


Message History

Your hound dies!
Your hound's corpse disappears in a puff of smoke!
Drink which item? (? for menu, Esc to quit)
It was a potion of mutation.
You feel extremely strange.
You feel clever.
You feel genetically stable. A pair of horns grows on your head!
* * * LOW HITPOINT WARNING * * *
You feel sick.
Read which item? (? for menu, Esc to quit)
Okay, then.
Drink which item? (? for menu, Esc to quit)
Okay, then.
Read which item? (? for menu, Esc to quit)
As you read the scroll labeled KENOYT JUGY, it crumbles to dust.
It is a scroll of enchant armour.
Enchant which item? (? for menu, Esc to quit)
Your +0 robe glows green for a moment.
* * * LOW HITPOINT WARNING * * *
You feel sick. The soldier ant stings you!
You die...

....o....#O..# ######
....####....# .....#
#.##...... ####.# #O#
#### ### #.# ..# #S#
#.# ##o## #.# #.a§# #.#
#.@.# ######.# #...#
.....#.# #####...#####
###.#..####...........#
...###...............>.
###.#.#####...........#
###..## #####...#####
.....# #...# ###.##
#...#


You could see a soldier ant, an ogre, an adder and an orc.

Vanquished Creatures
  The ghost of WhatIsLove the Slasher, an average HEGl (D:3)
  2 iguanas (D:4)
  3 worker ants
  A hound zombie (D:5)
  5 adders
  A giant mite (D:4)
  5 giant geckos
  8 orcs
  8 bats
  2 giant cockroaches
  9 goblins
  12 hobgoblins
  3 jackals (D:2)
  9 kobolds
  3 ball pythons
  4 giant newts
  2 quokkas (D:3)
  8 rats
86 creatures vanquished.

Vanquished Creatures (collateral kills)
  A scorpion (D:4)
  A jelly (D:5)
  An iguana (D:4)
  An adder (D:2)
  6 orcs
  A bat (D:1)
  2 hobgoblins
  A kobold (D:1)
14 creatures vanquished.

Vanquished Creatures (others)
  A crimson imp (D:3)
  3 hounds
  2 white imps
6 creatures vanquished.

Grand Total: 106 creatures vanquished

Notes
Turn   | Place    | Note
--------------------------------------------------------------
     0 | D:1      | PolkaDot, the Vampire Summoner, began the quest for the Orb.
     0 | D:1      | Reached XP level 1. HP: 13/13 MP: 3/3
   366 | D:1      | Reached skill level 1 in Fighting
   366 | D:1      | Reached XP level 2. HP: 19/21 MP: 4/4
   850 | D:1      | Reached XP level 3. HP: 22/27 MP: 6/6
  1095 | D:1      | Learned a level 2 spell: Call Imp
  1099 | D:1      | Learned a level 3 spell: Call Canine Familiar
  1317 | D:2      | Reached skill level 1 in Short Blades
  1545 | D:2      | Found an iron altar of Okawaru.
  1816 | D:3      | Reached XP level 4. HP: 34/34 MP: 7/7
  1955 | D:3      | Noticed WhatIsLove's ghost (average HEGl)
  2006 | D:3      | Killed WhatIsLove's ghost
  2146 | D:3      | Reached XP level 5. HP: 35/41 MP: 9/9
  3086 | D:4      | Found a basalt altar of Yredelemnul.
  3245 | D:4      | Reached skill level 5 in Summonings
  3397 | D:4      | Found a staircase to the Ecumenical Temple.
  3407 | Temple   | Entered the Ecumenical Temple
  3415 | Temple   | Became a worshipper of Sif Muna the Loreminder
  3530 | D:4      | Reached XP level 6. HP: 48/48 MP: 10/10
  3946 | D:5      | Entered Level 5 of the Dungeon
  4268 | D:5      | Noticed a soldier ant
  4268 | D:5      | an orc wizard changed into a soldier ant
  4277 | D:5      | Gained mutation: Your mind is acute. (Int +2) [potion of mutation]
  4277 | D:5      | Gained mutation: You are somewhat resistant to further mutation. [potion of mutation]
  4277 | D:5      | Gained mutation: You have a pair of small horns on your head. [potion of mutation]
  4278 | D:5      | Slain by a soldier ant

Action                   |  1- 3 |  4- 6 || total
-------------------------+-------+-------++-------
Melee: Short sword       |    50 |       ||    50
       Unarmed           |     5 |       ||     5
       Dagger            |    72 |   157 ||   229
 Cast: Summon Small Mamm |     9 |       ||     9
       Call Imp          |     2 |    14 ||    16
       Call Canine Famil |       |     6 ||     6
Evoke: Wand              |       |     4 ||     4
  Use: Potion            |     3 |    13 ||    16
       Scroll            |       |     4 ||     4
 Stab: Sleeping          |    13 |    10 ||    23
       Distracted        |     1 |     1 ||     2
  Eat: Corpse            |    10 |       ||    10
